Map: Heavy Artillery LE

Players

Eliacv - Winner!

  • Race: Zerg Zerg
  • Spawn Location: 7:00

Akipoda - Winner!

  • Race: Zerg Zerg
  • Spawn Location: 7:00

Massa

  • Race: Terran Terran
  • League: Platinum
  • Spawn Location: 1:00

qqq

  • Race: Zerg Zerg
  • Spawn Location: 3:00

VOD

Have the link to the VOD?

Description

Time

  • Played on: Oct. 5, 2020, 4:13 p.m.
  • Length: 7:51
Show
View Real Time Build Order
Export as new Build Order

Eliacv Zerg - Winner!

Build Orders: Hatch First 

Get SALT Encoding   

  12  0:00  Drone  
  13  0:14  Overlord  
  13  0:22  Drone  
  14  0:50  Extractor  
  14  0:51  Hatchery  
  14  0:52  Drone x2  
  14  1:12  Drone, Spawning Pool  
  14  1:30  Drone x3  
  17  1:48  Drone  
  18  1:58  Queen  
  20  2:03  Queen  
  21  2:26  Zergling x2  
  21  2:27  Zergling x8  
  26  2:33  Metabolic Boost  
  26  2:39  Drone  
  27  3:04  Drone, Overlord  
  27  3:05  Overlord  
  28  3:15  Roach Warren, Lair  
  27  3:22  Queen  
  27  3:25  Drone x3  
  32  3:35  Drone x2  
  34  3:41  Drone  
  34  3:42  Drone  
  36  3:53  Drone  
  36  3:54  Drone x4  
  41  4:00  Extractor  
  40  4:03  Extractor  
  39  4:11  Overlord, Roach x2  
  39  4:15  Glial Reconstitution  
  43  4:23  Overlord  
  43  4:26  Zergling x2  
  44  4:33  Drone x4  
  44  4:34  Drone  
  49  4:42  Roach x2  
  53  4:50  Roach  
  55  5:00  Drone x4  
  55  5:01  Drone  
  55  5:06  Overlord x2  
  60  5:12  Overlord  
  57  5:16  Roach  
  57  5:17  Roach  
  58  5:28  Roach x4  
  60  5:31  Roach  
  60  5:33  Tunneling Claws  
  64  5:39  Roach x3  
  70  5:45  Burrow  
  70  5:55  Roach  
  72  6:10  Overlord  
  72  6:11  Hatchery  
  72  6:12  Roach x4  
  79  6:21  Overlord, Roach x2  
  79  6:22  Overlord  
  83  6:39  Roach x4  
  91  6:40  Roach  
  93  6:54  Roach x5  
  99  6:55  Hydralisk Den, Roach  
  104  7:09  Drone x3  
  107  7:17  Overlord x4  
  107  7:19  Roach x20  
  107  7:20  Drone  
  108  7:25  Drone  
  108  7:28  Drone x2  
Show
View Real Time Build Order
Export as new Build Order

Akipoda Zerg - Winner!

Build Orders: 3 Hatch before Pool 

Get SALT Encoding   

  12  0:01  Drone  
  13  0:13  Overlord  
  13  0:17  Drone  
  14  0:31  Drone x2  
  16  0:36  Drone  
  17  0:52  Hatchery  
  17  0:57  Drone  
  17  0:59  Drone  
  18  1:21  Hatchery  
  17  1:29  Drone  
  18  1:36  Spawning Pool  
  17  1:40  Extractor, Drone  
  17  1:44  Drone  
  18  1:47  Drone  
  19  1:56  Drone  
  20  2:05  Drone x2  
  22  2:18  Drone x2  
  24  2:24  Drone  
  24  2:26  Drone  
  24  2:29  Queen  
  26  2:33  Queen  
  26  2:35  Overlord  
  30  2:39  Drone  
  30  2:41  Drone  
  32  2:54  Queen  
  34  3:01  Drone  
  34  3:02  Drone x5  
  40  3:14  Lair  
  40  3:16  Extractor  
  40  3:19  Extractor  
  38  3:23  Drone x4  
  38  3:25  Overlord  
  42  3:27  Extractor, Drone  
  42  3:46  Drone  
  42  3:47  Drone x3  
  42  3:48  Drone x3  
  49  3:55  Drone  
  50  3:56  Overlord  
  50  3:57  Overlord  
  50  3:59  Overlord x2  
  50  4:13  Spine Crawler  
  50  4:15  Spine Crawler, Queen  
  50  4:16  Spine Crawler  
  49  4:22  Drone x2, Spire  
  50  4:24  Drone  
  51  4:45  Drone x3  
  53  4:46  Drone  
  53  4:47  Overlord x3  
  55  4:56  Spore Crawler  
  54  5:00  Drone  
  55  5:16  Queen  
  55  5:38  Mutalisk x5  
  55  5:39  Mutalisk x6  
  77  5:44  Extractor x2, Drone  
  77  5:45  Drone x4  
  77  5:48  Spine Crawler  
  79  6:10  Drone x10  
  89  6:26  Overlord x5  
  89  6:30  Drone  
  89  6:31  Drone x2  
  92  6:40  Hatchery  
  91  6:47  Drone  
  91  6:48  Drone x5  
Show
View Real Time Build Order
Export as new Build Order

Massa Terran 

Build Orders: Gas First Reaper Expand 

Get SALT Encoding   

  12  0:01  SCV  
  13  0:13  SCV  
  14  0:24  Supply Depot  
  14  0:25  SCV  
  15  0:31  Refinery  
  15  0:46  SCV  
  15  0:47  Barracks  
  16  0:58  SCV  
  17  1:10  SCV  
  18  1:22  SCV  
  19  1:37  Reaper  
  20  1:43  Orbital Command, Command Center  
  20  2:02  Supply Depot  
  20  2:09  Marine  
  20  2:10  Factory  
  20  2:14  SCV  
  22  2:26  SCV  
  23  2:32  Supply Depot  
  23  2:38  Barracks Reactor  
  23  2:43  SCV  
  24  2:55  SCV  
  25  3:09  Supply Depot  
  25  3:18  Command Center  
  25  3:22  Hellion x2  
  25  3:26  SCV, Barracks Tech Lab  
  30  3:31  SCV  
  31  3:38  SCV  
  32  3:44  Hellion x2  
  36  3:49  Starport  
  36  4:01  Marauder  
  38  4:05  Hellion x2  
  42  4:22  Marauder  
  44  4:24  Orbital Command  
  44  4:26  Hellion  
  44  4:27  Hellion  
  48  4:31  Supply Depot  
  48  4:34  Barracks  
  48  4:36  Orbital Command  
  48  4:53  SCV x2  
  48  4:55  Refinery, Supply Depot  
  50  5:00  Engineering Bay  
  50  5:05  SCV x2  
  52  5:17  SCV  
  52  5:19  Supply Depot  
  47  5:42  Hellion  
  47  5:43  Hellion  
  47  5:44  Marauder  
  47  5:45  Stimpack  
  47  5:48  Barracks Reactor  
  49  5:51  SCV x3  
  49  5:55  Terran Infantry Weapons Level 1  
  49  5:56  Refinery  
  52  5:58  Missile Turret  
  52  6:03  SCV x3  
  59  6:04  Hellion x2  
  59  6:05  Marauder, Missile Turret  
  59  6:07  Missile Turret  
  61  6:19  Missile Turret  
  61  6:25  Hellion x2  
  65  6:27  Marauder, Marine, Missile Turret  
  65  6:28  Marine  
  65  6:30  SCV  
  65  6:32  SCV  
  71  6:39  Missile Turret  
  71  6:41  SCV  
  71  6:42  SCV  
  71  6:44  SCV  
  71  6:45  Marine x2  
  76  6:48  Missile Turret  
  76  6:49  Marine  
  78  6:57  Missile Turret  
  78  7:03  Marine x2  
  78  7:07  Marine  
  80  7:21  Marine x2  
  76  7:25  Marine  
  71  7:38  Missile Turret  
Show
View Real Time Build Order
Export as new Build Order

qqq Zerg 

Build Orders: Hatch First 

Get SALT Encoding   

  12  0:01  Drone  
  13  0:08  Drone  
  14  0:38  Hatchery  
  14  0:42  Drone  
  14  1:04  Spawning Pool, Overlord  
  13  1:06  Drone  
  13  1:10  Extractor  
  13  1:13  Drone  
  14  1:37  Drone x3  
  17  1:50  Drone  
  17  1:52  Drone  
  19  1:59  Zergling x2  
  19  2:00  Queen  
  22  2:03  Zergling x2  
  23  2:17  Zergling x2  
  23  2:20  Queen  
  23  2:22  Overlord  
  26  2:26  Zergling x2  
  27  2:34  Metabolic Boost  
  27  2:36  Zergling x2  
  28  2:41  Zergling x2  
  28  2:42  Drone  
  30  2:50  Extractor  
  29  2:54  Drone  
  29  2:55  Drone  
  31  3:01  Drone, Baneling Nest  
  31  3:05  Drone  
  31  3:09  Drone  
  33  3:14  Overlord  
  33  3:19  Drone  
  34  3:20  Zergling x2  
  34  3:23  Drone  
  36  3:31  Overlord  
  36  3:35  Overlord  
  36  3:39  Overlord  
  36  3:48  Baneling x2  
  36  3:49  Baneling x4  
  36  3:51  Zergling x4  
  36  3:54  Zergling x2  
  39  3:56  Drone  
  40  4:09  Zergling x4  
  42  4:10  Drone x3  
  42  4:11  Zergling x2  
  46  4:28  Zergling x2  
  46  4:29  Zergling x2  
  48  4:33  Drone, Roach Warren  
  48  4:34  Zergling x4  
  48  4:37  Drone x4  
  54  4:45  Drone, Zergling x2  
  56  4:56  Drone  
  57  5:02  Hatchery  
  40  5:27  Roach x4  
  47  5:28  Drone  
  47  5:29  Drone x4  
  47  5:34  Extractor  
  47  5:35  Extractor  
  50  5:36  Drone, Lair  
  50  5:37  Drone x2, Extractor  
  50  5:42  Drone x3  
  55  5:48  Drone  
  56  6:06  Drone  
  56  6:08  Evolution Chamber, Roach  
  56  6:09  Drone  
  56  6:10  Drone x2  
  60  6:16  Drone  
  60  6:18  Roach  
  63  6:25  Hatchery  
  62  6:35  Roach x2  
  62  6:36  Overlord x2  
  66  6:42  Spore Crawler  
  66  6:44  Spore Crawler  
  66  6:46  Spore Crawler  
  66  6:47  Spore Crawler  
  45  6:55  Hatchery  
  45  7:00  Spore Crawler  
  40  7:03  Hatchery  
  40  7:04  Spore Crawler  
Tags
 
Add a new tag
Caveats
  • Supply blocks, unpowered buildings, or Contaminate may cause inaccurate times.
  • Supply counts are checked every 10 seconds.